 Dungeon Crawl Stone Soup version 0.26.1-2-gb8aa6d0cf2 (webtiles) character file.

Game seed: 14476224384266814497

396 Marvel the Gusty (level 6, -1/32 HPs)
             Began as a Tengu Air Elementalist on Feb 13, 2021.
             Was a Believer of Vehumet.
             Slain by a hound (4 damage)
             ... on level 5 of the Dungeon.
             The game lasted 00:09:38 (4914 turns).

Marvel the Gusty (Tengu Air Elementalist)           Turns: 4914, Time: 00:09:38

Health: -1/32      AC:  2    Str:  9    XL:     6   Next: 82%
Magic:  16/22      EV: 15    Int: 17    God:    Vehumet [**....]
Gold:   350        SH:  0    Dex: 14    Spells: 8/13 levels left

rFire    . . .     SeeInvis .   (no weapon)
rCold    . . .     Faith    .   (no shield)
rNeg     . . .     Spirit   .   a - +0 robe
rPois    .         Reflect  .   (helmet restricted)
rElec    .         Harm     .   (no cloak)
rCorr    .         Rampage  .   (no gloves)
Will     .....                  (boots unavailable)
Stlth    ++........             (no amulet)
HPRegen  0.10/turn              (no ring)
MPRegen  0.18/turn              c - ring of magical power

@: flying quickly and evasively, quick
A: beak, talons 3, able to fly
a: Stop Flying, Renounce Religion


You were on level 5 of the Dungeon.
You worshipped Vehumet.
Vehumet was pleased with you.
You visited 1 branch of the dungeon, and saw 5 of its levels.

You collected 350 gold pieces.

Inventory:

Armour
 a - a +0 robe (worn)
Jewellery
 c - a ring of magical power (right hand)
 d - a -4 ring of protection
Scrolls
 b - 6 scrolls of remove curse
 e - a scroll of magic mapping {unknown}
 f - 3 scrolls of amnesia {unknown}
 i - 3 scrolls of identify {unknown}
 j - 2 scrolls of teleportation {unknown}
 l - a scroll of enchant weapon {unknown}
 m - a scroll of random uselessness {unknown}
 n - a scroll of blinking
Potions
 g - 2 potions of attraction {unknown}
 h - 2 potions of flight {unknown}
 k - 2 potions of brilliance {unknown}


   Skills:
 + Level 0.1 Fighting
 + Level 2.4 Dodging
 + Level 2.2 Stealth
 + Level 4.1 Spellcasting
 + Level 4.6 Conjurations
 + Level 6.4 Air Magic


You had 8 spell levels left.
You knew the following spells:

 Your Spells              Type           Power        Failure   Level
a - Shock                 Conj/Air       88%          1%          1
b - Airstrike             Air            12%          11%         4

Your spell library contained the following spells:

 Spells                   Type           Power        Failure   Level
 Foxfire                  Conj/Fire      44%          6%          1
 Swiftness                Air            25%          1%          2
 Static Discharge         Conj/Air       22%          4%          3
 Lightning Bolt           Conj/Air       11%          41%         5


Dungeon Overview and Level Annotations

Branches:
Dungeon (5/15)             Temple (0/1) D:4

Altars:
Fedhas
Ru
Vehumet


Innate Abilities, Weirdness & Mutations

You have a beak for a mouth.
You have claws for feet.
You can fly continuously.


Message History

The hound bites you.
* * * LOW HITPOINT WARNING * * *
Aiming: Shock (safe; 1% risk of failure)
Press: ? - help, Q - select action, (/) - cycle Shift-Dir - straight line, f/p - hound
Aim: a hound (almost dead, 36% to evade)
The zap misses the hound.
The hound closely misses you.
Aiming: Shock (safe; 1% risk of failure)
Press: ? - help, Q - select action, (/) - cycle Shift-Dir - straight line, f/p - hound
Aim: a hound (almost dead, 36% to evade)
The zap misses the hound.
The hound closely misses you. The hound barely misses you.
You aren't carrying any items that you can evoke.
Aiming: Shock (safe; 1% risk of failure)
Press: ? - help, Q - select action, (/) - cycle Shift-Dir - straight line, f/p - hound
Aim: a hound (almost dead, 36% to evade)
The zap hits the hound but does no damage.
The hound is almost dead.
The hound bites you.
You die... ######### #@h...... #########

You could see a hound.

Vanquished Creatures
  A phantom (D:4)
  A hound (D:2)
  Jessica (D:2)
  2 iguanas (D:4)
  A worker ant (D:4)
  A hound skeleton (D:4)
  7 adders
  3 worms
  2 dart slugs
  3 leopard geckos
  A ball python (D:1)
  5 giant cockroaches
  16 goblins
  11 hobgoblins
  6 jackals
  8 kobolds
  13 bats
  A frilled lizard (D:2)
  A jackal skeleton (D:4)
  8 rats
92 creatures vanquished.

Vanquished Creatures (others)
  10 plants (D:3)
10 creatures vanquished.

Grand Total: 102 creatures vanquished

Notes
Turn   | Place    | Note
-------+----------+-------------------------------------------
     0 | D:1      | Marvel the Tengu Air Elementalist began the quest for the
                  | Orb.
     0 | D:1      | Reached XP level 1. HP: 10/10 MP: 4/4
   312 | D:1      | Reached XP level 2. HP: 15/15 MP: 3/6
  1015 | D:1      | Reached XP level 3. HP: 19/19 MP: 7/7
  1332 | D:2      | Reached skill level 5 in Air Magic
  1498 | D:2      | Found a radiant altar of Vehumet.
  1634 | D:2      | Became a worshipper of Vehumet
  1942 | D:2      | Noticed Jessica
  1947 | D:2      | Killed Jessica
  1948 | D:2      | Reached XP level 4. HP: 21/24 MP: 8/8
  2396 | D:2      | Gained mutation: You can fly continuously. [Tengu growth]
  2396 | D:2      | Reached XP level 5. HP: 28/28 MP: 10/10
  2447 | D:2      | Reached * piety under Vehumet
  2447 | D:2      | Offered knowledge of Freeze by Vehumet.
  3594 | D:3      | Found a blossoming altar of Fedhas.
  3659 | D:3      | Reached skill level 6 in Air Magic
  3660 | D:3      | Offered knowledge of Foxfire by Vehumet.
  3686 | D:3      | Reached ** piety under Vehumet
  4376 | D:4      | Noticed a phantom
  4392 | D:4      | Killed a phantom
  4393 | D:4      | Reached XP level 6. HP: 14/32 MP: 7/12
  4755 | D:4      | Found a staircase to the Ecumenical Temple.
  4810 | D:4      | Found a sacrificial altar of Ru.
  4836 | D:4      | Learned a level 4 spell: Airstrike
  4907 | D:5      | Entered Level 5 of the Dungeon
  4914 | D:5      | Slain by a hound

Illustrated notes

Levels and vault maps discovered:
D:1:      mrwooster_arrival_statue, layout_loops_ring,
          chequers_serial_rivers_small_a, wad_floor_pattern_untrapped
D:2:      layout_basic, marbit_many_paths, uniq_jessica
D:3:      cheibrodos_greedy_goblins, layout_basic, serial_bayou,
          serial_bayou_lagoon_a, serial_bayou_pond_c, serial_bayou_lake_a,
          serial_bayou_ford_a, serial_bayou_crossing,
          chequers_serial_rivers_room_b, grunt_ministairs_3,
          minmay_misc_feat_pillars, serial_park_tiny_1, fedhas_altar_fruit_tree
D:4:      layout_cave_pools, minmay_temple_entry_mini_moons,
          hangedman_feature_mirror, roderic_roman_lattice,
          nicolae_ru_sacrificial_ziggurat
D:5:      layout_basic, basic_altar, uniq_crazy_yiuf_cottage

Skill      XL: |  1  2  3  4  5  6 |
---------------+-------------------+-----
Conjurations   | 3 4 |  4.6
Air Magic      | 5 6 |  6.4
Spellcasting   | 3 4 |  4.1
Fighting       | |  0.1
Dodging        | |  2.4
Stealth        | |  2.2

Action                   |  1- 3 |  4- 6 || total
-------------------------+-------+-------++-------
Melee: Unarmed           |     5 |    15 ||    20
       Kick              |       |     3 ||     3
       Peck              |       |     3 ||     3
 Cast: Shock             |    84 |   169 ||   253
 Abil: Fly               |       |     1 ||     1
  Use: Scroll            |     2 |       ||     2
Armor: Robe              |     3 |     7 ||    10
Dodge: Dodged            |    24 |    51 ||    75
